Map: Turbo Cruise '84 LE

Players

MacNCheese - Winner!

  • Race: Terran Terran
  • Spawn Location: 7:00

TiPtOP

  • Race: Terran Terran
  • League: Silver
  • Spawn Location: 3:00

VOD

Have the link to the VOD?

Description

Time

  • Played on: Aug. 18, 2019, 6:34 a.m.
  • Length: 5:05
Show
View Real Time Build Order
Export as new Build Order

MacNCheese Terran - Winner!

Build Orders:  

Get SALT Encoding   

  12  0:01  SCV  
  13  0:13  SCV  
  14  0:17  Supply Depot  
  14  0:25  SCV  
  15  0:39  SCV  
  16  0:47  Refinery  
  16  0:54  Barracks  
  16  1:00  Barracks  
  16  1:04  SCV  
  17  1:16  SCV  
  18  1:24  Supply Depot  
  18  1:29  SCV  
  19  1:41  Reaper, SCV  
  21  1:48  Reaper  
  22  1:55  Orbital Command  
  21  2:21  Reaper  
  22  2:23  SCV  
  23  2:34  Command Center  
  23  2:42  Reaper  
  23  2:43  SCV  
  25  2:47  Refinery  
  25  2:55  SCV  
  25  2:56  Reaper, Supply Depot  
  27  3:07  SCV  
  28  3:17  Reaper  
  28  3:19  SCV  
  29  3:31  SCV  
  30  3:35  Factory  
  30  3:43  SCV  
  31  3:51  Reaper  
  31  3:52  Orbital Command  
  33  3:55  SCV  
  33  4:07  SCV  
  34  4:19  SCV  
  34  4:20  Starport, Factory Tech Lab  
  35  4:24  SCV  
  36  4:32  SCV  
  36  4:36  SCV  
  38  4:47  SCV  
  42  4:53  Barracks  
Show
View Real Time Build Order
Export as new Build Order

TiPtOP Terran 

Build Orders: Reaper Expand 

Get SALT Encoding   

  12  0:01  SCV  
  13  0:13  SCV  
  14  0:18  Supply Depot  
  14  0:28  SCV  
  15  0:40  SCV  
  15  0:42  Barracks  
  16  0:48  Refinery  
  16  1:03  SCV  
  17  1:17  SCV  
  18  1:31  Bunker  
  18  1:32  Marine  
  19  1:46  Command Center  
  19  1:50  Orbital Command  
  19  1:53  Marine  
  20  2:19  Barracks Tech Lab  
  20  2:21  Supply Depot  
  20  2:23  Factory  
  20  2:41  Marine  
  17  3:09  Reaper  
  13  3:38  SCV  
  10  3:50  SCV  
  11  4:01  Marine  
  9  4:19  SCV  
  9  4:21  SCV  
  9  4:31  SCV  
  10  4:33  SCV  
  8  4:43  SCV  
  6  4:52  SCV  
Tags
 
Add a new tag
Caveats
  • Supply blocks, unpowered buildings, or Contaminate may cause inaccurate times.
  • Supply counts are checked every 10 seconds.